 Dungeon Crawl Stone Soup version 0.22-a0-247-gbddf880 (webtiles) character file.

10642 mhoghedin the Fighter (level 11, -7/90 HPs)
             Began as a Mummy Necromancer on Feb 23, 2018.
             Was a Priest of Ashenzari.
             Impaled on a porcupine's spines (15 damage)
             ... on level 1 of the Lair of Beasts.
             The game lasted 00:41:50 (14053 turns).

mhoghedin the Fighter (Mummy Necromancer)          Turns: 14053, Time: 00:41:50

Health: -7/90      AC: 10    Str: 15    XL:     11   Next: 38%
Magic:  0/16       EV: 18    Int: 13    God:    Ashenzari [***...]
Gold:   487        SH:  0    Dex: 16    Spells: 7/16 levels left

rFire    . . .     SeeInvis +   d - +2 whip (elec) (curse)
rCold    + . .     Gourm    .   (no shield)
rNeg     + + +     Faith    +   o - +2 robe {rF+}
rPois    ∞         Spirit   .   g - +2 helmet
rElec    .         Reflect  .   j - +0 cloak
rCorr    +         Harm     .   (no gloves)
MR       +....                  (no boots)
Stlth    ++........             a - amulet of faith (curse) {Faith, !P}
HPRegen  0.25/turn              c - ring of resist corrosion
MPRegen  0.15/turn              v - ring of Gaxkelluxisk {rN+ AC+2 Str+3 Int-4 Dex+3}

@: no status effects
A: no food or potions, fire vulnerability, cold resistance 1, negative energy
resistance 3, torment resistance, unbreathing
a: Curse Item, Scrying, Renounce Religion


You were on level 1 of the Lair of Beasts.
You worshipped Ashenzari.
Ashenzari was most pleased with you.
You were not hungry.

You visited 3 branches of the dungeon, and saw 12 of its levels.

You collected 487 gold pieces.

Inventory:

Hand Weapons
 d - a cursed +2 whip of electrocution (weapon)
   (You found it on level 1 of the Dungeon)
Armour
 g - a +2 helmet (worn)
   (You took it off Robin on level 1 of the Dungeon)
 j - a +0 cloak (worn)
   (You took it off Crazy Yiuf on level 2 of the Dungeon)
 o - a +2 robe of fire resistance (worn)
   (You took it off an orc wizard on level 5 of the Dungeon)
 t - a +1 pair of boots
   (You found it on level 10 of the Dungeon)
Jewellery
 a - a cursed amulet of faith (around neck) {Faith, !P}
   (You found it on level 5 of the Dungeon)
 c - a ring of resist corrosion (left hand)
   (You found it on level 1 of the Dungeon)
 v - the ring of Gaxkelluxisk (right hand) {rN+ AC+2 Str+3 Int-4 Dex+3}
   (You found it on level 9 of the Dungeon)

   [ring of protection]

   It affects your AC (+2).
   It affects your strength (+3).
   It affects your intelligence (-4).
   It affects your dexterity (+3).
   It protects you from negative energy.
Wands
 i - a wand of digging (1)
   (You found it on level 3 of the Dungeon)
 k - a wand of random effects (8)
   (You took it off Ijyb on level 3 of the Dungeon)
Scrolls
 b - a scroll of brand weapon {unknown}
 e - a scroll of immolation {unknown}
 f - 2 scrolls of fear {unknown}
 h - 2 scrolls of magic mapping {!r}
 l - 3 scrolls of enchant armour
 m - a scroll of fog {unknown}
 n - 2 scrolls of amnesia
 p - a scroll of random uselessness {unknown}
 q - 3 scrolls of blinking {!r}
 r - 4 scrolls of remove curse
 s - 2 scrolls of identify


   Skills:
 + Level 9.8 Fighting
 + Level 8.4(11.3) Maces & Flails
 + Level 8.4 Dodging
 - Level 1.5 Stealth
 - Level 3.4 Spellcasting
 - Level 7.0 Necromancy


You had 7 spell levels left.
You knew the following spells:

 Your Spells              Type           Power        Failure   Level  Hunger
a - Pain                  Necr           ###.         1%          1    N/A
b - Animate Dead          Necr           N/A          12%         4    N/A
x - Vampiric Draining     Necr           ###.......   3%          3    N/A
A - Animate Skeleton      Necr           N/A          1%          1    N/A

Dungeon Overview and Level Annotations

Branches:
Dungeon (10/15)            Temple (1/1) D:5            Lair (1/6) D:10
    Orc (0/2) D:9

Altars:
Ashenzari
Cheibriados
Dithmenos
Elyvilon
Fedhas
Gozag
Hepliaklqana
Kikubaaqudgha
Makhleb
Nemelex Xobeh
Okawaru
Qazlal
Ru
Sif Muna
Trog
Uskayaw
Vehumet
Wu Jian
Xom
Yredelemnul
Zin
The Shining One
Beogh

Shops:
D:4 *

Annotations:
D:3 Menkaure
D:5 exclusion: statue, Duvessa
Lair:1 exclusion: oklob plant


Innate Abilities, Weirdness & Mutations

You do not eat or drink.
Your flesh is vulnerable to fire.
You are immune to poison.
Your flesh is cold resistant. (rC+)
You are immune to negative energy. (rN+++)
You are immune to unholy pain and torment.
You can survive without breathing.


Message History

A porcupine comes into view.
You take 21 damage, and have 25/90 hp.
MASSIVE DAMAGE!!
You now have 12/16 mp.
Unknown command.
Unknown command.
Unknown command.
Unknown command.
Aim: a komodo dragon (heavily wounded)
You feel life coursing into your body.
The komodo dragon bites you but does no damage.
Your crocodile zombie bites the komodo dragon but does no damage.
A porcupine comes into view.
You regained 3 hp, and now have 28/90 hp.
You now have 9/16 mp.
Aim: a komodo dragon (severely wounded)
You kill the komodo dragon!
You feel life coursing into your body. The bullfrog closely misses you.
The porcupine twitches its whiskers.
You regained 6 hp, and now have 34/90 hp.
You now have 6/16 mp.
You call on the dead to rise...
The dead are walking!
The bullfrog closely misses you. The bullfrog hits you!
You take 6 damage, and have 28/90 hp.
You now have 2/16 mp.
The porcupine bites your komodo dragon zombie.
Your crocodile zombie closely misses the bullfrog.
The porcupine bites your komodo dragon zombie.
You closely miss the bullfrog. The bullfrog hits you!
* * * LOW HITPOINT WARNING * * *
Your komodo dragon zombie bites the bullfrog!
You take 9 damage, and have 19/90 hp.
You closely miss the bullfrog. The bullfrog closely misses you.
Your crocodile zombie barely misses the bullfrog.
The porcupine completely misses your komodo dragon zombie.
You hit the bullfrog.
The porcupine bites your komodo dragon zombie!
The bullfrog barely misses you.
Your komodo dragon zombie bites the bullfrog!!
The bullfrog dies!
The porcupine bites your komodo dragon zombie!
The porcupine barely misses your komodo dragon zombie.
Your crocodile zombie is struck by the porcupine's spines.
Your crocodile zombie closely misses the porcupine.
The porcupine bites your crocodile zombie!
Your komodo dragon zombie bites the porcupine!
The porcupine dies!
Your crocodile zombie is struck by the porcupine's spines.
Your crocodile zombie closely misses the porcupine.
The porcupine bites your crocodile zombie!
Your crocodile zombie is destroyed!
Your komodo dragon zombie closely misses the porcupine.
Your komodo dragon zombie misses the porcupine.
The porcupine bites you.
* * * LOW HITPOINT WARNING * * *
You take 6 damage, and have 15/90 hp.
Unknown command.
Unknown command.
Unknown command.
Unknown command.
Unknown command.
Unknown command.
Unknown command.
Unknown command.
Unknown command.
Unknown command.
Unknown command.
Aim: a porcupine You feel life coursing into your body.
The porcupine bites you!
* * * LOW HITPOINT WARNING * * *
Your komodo dragon zombie closely misses the porcupine.
The porcupine completely misses you.
You take 3 damage, and have 12/90 hp.
You now have 1/16 mp.
Unknown command.
Unknown command.
Unknown command.
Unknown command.
Unknown command.
Aim: a porcupine (heavily wounded, chance to defeat MR: 80%)
Okay, then.
Unknown command.
Unknown command.
Unknown command.
Unknown command.
Unknown command.
Unknown command.
Aim: a porcupine (heavily wounded, chance to defeat MR: 80%)
The porcupine writhes in agony!
Your komodo dragon zombie is struck by the porcupine's spines.
Your komodo dragon zombie completely misses the porcupine.
The porcupine closely misses you.
You now have 0/16 mp.
You hit the porcupine.
Your komodo dragon zombie closely misses the porcupine.
The porcupine barely misses you. The porcupine misses you.
Your komodo dragon zombie completely misses the porcupine.
The porcupine bites you.
* * * LOW HITPOINT WARNING * * *
You take 5 damage, and have 8/90 hp.
You are struck by the porcupine's spines.
You die...

##..........#P.........
#............P.........
#.......[..............
##......................
#....................... *
#............#.....Z...
#...........##........ ,
########..###.##...###....#..
, #.........Zr@###..##
#....##. .#...........##...#
#.....## ,
.........†...###..## #....##
,..................#* #....#
, .....#######....... ......#
..... ** #..##...###....###
,#.#. * #..# ,.# #....#.. . .
, , #... ., #....#.. ..,,
..... ,, , .#..


You could see a porcupine and a friendly komodo dragon zombie.

Vanquished Creatures
  2 two-headed ogres
  Pikel (D:4)
  An ugly thing (D:9)
  A spiny frog (Lair:1)
  A komodo dragon (Lair:1)
  A tengu conjurer (D:10)
  Grinder (D:6)
  The ghost of Amnesiac the Digger, an amateur FoEE (D:4)
  5 hippogriffs
  The ghost of ThereIsNoGod the Magician, an amateur SpVM (D:5)
  4 yaks
  2 basilisks
  A hungry ghost (D:8)
  2 porcupines (Lair:1)
  5 orc warriors
  An ice beast (D:5)
  4 slaves (D:5)
  2 sky beasts
  2 black bears
  An eye of draining (D:10)
  2 ogres
  5 wolves (Lair:1)
  3 centaurs
  4 crocodiles
  A gnoll sergeant (D:9)
  6 bullfrogs
  A water moccasin zombie (D:3)
  Dowan (D:5)
  5 scorpions
  3 howler monkeys
  2 crimson imps
  4 centaur zombies
  3 hounds
  Crazy Yiuf (D:2)
  6 orc priests
  3 bullfrog skeletons
  2 jellies
  A centaur skeleton (D:6)
  3 iguanas
  Ijyb (D:3)
  Terence (D:3)
  9 orc wizards
  6 worker ants
  2 killer bee zombies
  2 hound skeletons
  Robin (D:1)
  3 worker ant zombies
  5 gnolls
  8 adders
  2 shadow imps
  An ooze (D:5)
  An adder skeleton (D:3)
  5 worms
  4 dart slugs
  5 leopard geckos
  47 orcs
  7 giant cockroaches
  20 goblins
  9 hobgoblins
  3 jackals (D:2)
  5 quokkas
  2 ball pythons
  9 bats
  6 frilled lizards
  7 kobolds
  2 leopard gecko zombies
  9 rats
277 creatures vanquished.

Vanquished Creatures (collateral kills)
  A spiny frog (Lair:1)
  A porcupine (Lair:1)
  A bullfrog (Lair:1)
  A jelly (D:8)
  An iguana (D:4)
  2 worker ants
  An adder (D:4)
  4 orcs
12 creatures vanquished.

Vanquished Creatures (others)
  An orc wizard (D:10)
  A fungus (Lair:1)
  2 plants
4 creatures vanquished.

Grand Total: 293 creatures vanquished

Notes
Turn   | Place    | Note
-------+----------+-------------------------------------------
     0 | D:1      | mhoghedin the Mummy Necromancer began the quest for the Orb.
     0 | D:1      | Reached XP level 1. HP: 13/13 MP: 4/4
    96 | D:1      | Reached skill level 3 in Spellcasting
   154 | D:1      | Reached XP level 2. HP: 19/19 MP: 6/6
   245 | D:1      | Learned a level 1 spell: Animate Skeleton
   752 | D:1      | Reached XP level 3. HP: 15/24 MP: 3/7
  1089 | D:2      | Reached skill level 1 in Maces & Flails
  1167 | D:2      | Learned a level 3 spell: Vampiric Draining
  1422 | D:2      | Found a glowing golden altar of the Shining One.
  1580 | D:2      | Noticed Robin
  1612 | D:1      | HP: 5/24 [goblin[Robin] (4)]
  1877 | D:1      | Killed Robin
  1877 | D:1      | Reached XP level 4. HP: 24/31 MP: 2/9
  2106 | D:2      | Learned a level 4 spell: Animate Dead
  2399 | D:2      | Found a runed door.
  2830 | D:2      | Noticed Crazy Yiuf
  2839 | D:2      | Killed Crazy Yiuf
  2839 | D:2      | Reached skill level 5 in Necromancy
  3150 | D:3      | Reached XP level 5. HP: 36/36 MP: 10/10
  3386 | D:3      | Noticed Ijyb
  3399 | D:3      | Killed Ijyb
  3537 | D:3      | Reached skill level 6 in Necromancy
  3961 | D:3      | Noticed Terence
  3985 | D:3      | Killed Terence
  4109 | D:3      | Found a snail-covered altar of Cheibriados.
  4228 | D:3      | Reached XP level 6. HP: 30/42 MP: 11/11
  4371 | D:4      | Noticed Amnesiac's ghost (amateur FoEE)
  4537 | D:4      | Reached skill level 7 in Necromancy
  4581 | D:4      | Reached skill level 1 in Fighting
  4615 | D:4      | Noticed Menkaure
  4897 | D:3      | HP: 5/43 [Menkaure (23)]
  5215 | D:4      | Found Zin's Purification Station.
  5215 | D:4      | Found a glowing silver altar of Zin.
  5569 | D:4      | Reached skill level 2 in Maces & Flails
  5612 | D:4      | Found a stormy altar of Qazlal.
  5652 | D:5      | Entered Level 5 of the Dungeon
  5653 | D:5      | Noticed ThereIsNoGod's ghost (amateur SpVM)
  5686 | D:5      | Killed ThereIsNoGod's ghost
  5686 | D:5      | Reached skill level 2 in Fighting
  5686 | D:5      | Reached skill level 2 in Dodging
  5686 | D:5      | Reached XP level 7. HP: 43/50 MP: 12/12
  6137 | D:5      | Reached skill level 3 in Maces & Flails
  6138 | D:5      | Reached skill level 3 in Fighting
  6154 | D:5      | Found a shimmering altar of Xom.
  6164 | D:5      | Reached skill level 3 in Dodging
  6314 | D:5      | Found a radiant altar of Vehumet.
  6372 | D:5      | Found a hazy altar of Hepliaklqana.
  6444 | D:5      | Noticed Pikel
  6472 | D:5      | Noticed Duvessa
  6473 | D:5      | Noticed Dowan
  6486 | D:5      | Killed Dowan
  6687 | D:4      | Reached XP level 8. HP: 59/59 MP: 13/13
  6710 | D:4      | Found a sparkling altar of Nemelex Xobeh.
  6729 | D:4      | HP: 14/59 [Pikel/whip of flaming (3)]
  6735 | D:4      | Killed Pikel
  6735 | D:4      | Reached skill level 4 in Fighting
  6735 | D:4      | Reached skill level 4 in Maces & Flails
  6735 | D:4      | Reached skill level 4 in Dodging
  7231 | D:4      | Killed Amnesiac's ghost
  7231 | D:4      | Reached skill level 5 in Fighting
  7503 | D:5      | Found a staircase to the Ecumenical Temple.
  7513 | Temple   | Entered the Ecumenical Temple
  7659 | Temple   | Became a worshipper of Ashenzari the Shackled
  8022 | D:6      | Noticed Grinder
  8295 | D:6      | Reached skill level 5 in Maces & Flails
  8295 | D:6      | Reached XP level 9. HP: 68/68 MP: 14/14
  8352 | D:6      | Found a white marble altar of Elyvilon.
  8433 | D:6      | Killed Grinder
  8433 | D:6      | Reached skill level 5 in Dodging
  8465 | D:6      | Reached skill level 6 in Fighting
  8695 | D:6      | Found a blossoming altar of Fedhas.
  8797 | D:7      | Reached * piety under Ashenzari
  8989 | D:7      | Found a deep blue altar of Sif Muna.
  9146 | D:7      | Found an iron altar of Okawaru.
  9369 | D:7      | Reached ** piety under Ashenzari
 10135 | D:8      | Reached skill level 6 in Maces & Flails
 10253 | D:8      | Reached skill level 7 in Fighting
 10253 | D:8      | Reached skill level 6 in Dodging
 10500 | D:8      | Reached XP level 10. HP: 73/79 MP: 15/15
 10812 | D:9      | Found a roughly hewn altar of Beogh.
 10812 | D:9      | Found a staircase to the Orcish Mines.
 11358 | D:9      | Noticed a purple ugly thing
 11380 | D:9      | Killed a purple ugly thing
 11380 | D:9      | Reached skill level 8 in Fighting
 11380 | D:9      | Reached skill level 7 in Maces & Flails
 11595 | D:9      | Reached skill level 7 in Dodging
 11617 | D:9      | Found a sacrificial altar of Ru.
 11765 | D:9      | Identified the ring of Gaxkelluxisk {rN+ AC+2 Str+3 Int-4 Dex+3}
 11820 | D:10     | Entered Level 10 of the Dungeon
 11855 | D:10     | Noticed a gargoyle
 11888 | D:10     | HP: 16/80 [gargoyle/stone arrow (17)]
 12142 | D:10     | Noticed a two-headed ogre
 12261 | D:10     | Found a staircase to the Lair.
 12261 | D:10     | Noticed a two-headed ogre
 12289 | D:9      | HP: 8/82 [two-headed ogre/giant spiked club (14)]
 12291 | D:9      | Killed a two-headed ogre
 12820 | D:10     | Reached skill level 9 in Fighting
 12828 | D:10     | Killed a two-headed ogre
 12828 | D:10     | Reached XP level 11. HP: 56/89 MP: 4/16
 12883 | D:10     | Reached *** piety under Ashenzari
 13093 | D:10     | Reached skill level 8 in Maces & Flails
 13171 | Lair:1   | Entered Level 1 of the Lair of Beasts
 13207 | Lair:1   | Reached skill level 8 in Dodging
 13905 | Lair:1   | Noticed an oklob plant
 14039 | Lair:1   | HP: 19/90 [bullfrog (9)]
 14047 | Lair:1   | HP: 15/90 [porcupine (6)]
 14052 | Lair:1   | HP: 8/90 [porcupine (5)]
 14053 | Lair:1   | Impaled on a porcupine's spines

Vault maps used:
D:1:      mrwooster_arrival_arrow
D:2:      nicolae_overflow_crystal_walls, first_ration, grunt_ministairs_9,
          kennysheep_minor_cross, st_stairs_5, uniq_robin,
          uniq_crazy_yiuf_cottage
D:3:      lemuel_coloured_pillars_altar, uniq_terence, uniq_ijyb
D:4:      nemelex_xobeh_ov_fountains_minmay, zin_purify,
          nicolae_qazlal_general_emergency, uniq_menkaure
D:5:      vehumet_statue, minmay_temple_entry_junction_2,
          hangedman_feature_mirror, uniq_pikel, uniq_duvessa
D:6:      minmay_cornered_nines, fedhas_altar_decomposition, old_standard_altar,
          uniq_grinder
D:7:      lemuel_crystal_altar, lemuel_crystal_altar, minmay_misc_feat_five
D:8:      serial_aquarium, aquarium_bridge_long_separate, aquarium_window_1,
          aquarium_window_1, aquarium_window_1, aquarium_window_1,
          aquarium_view_2d, aquarium_view_2c, aquarium_balcony_3a, centaur_isle
D:9:      nicolae_ru_the_path_less_chosen, david_orc_5
D:10:     david_lair_generic, grunt_tengu_nest
Temple:   jpeg_temple_clearing
Lair:1:   minmay_lair_oklob_bushes, beast_lair_carwin_1

Skill      XL: |  1  2  3  4  5  6  7  8  9 10 11 |
---------------+----------------------------------+-----
Spellcasting   | 3 |  3.4
Maces & Flails | 1 2 3 5 6 7 8 |  8.4
Necromancy     | 5 6 7 |  7.0
Fighting       | 2 3 5 7 9 |  9.8
Dodging        | 2 3 4 6 7 8 |  8.4
Stealth        | |  1.5

Action                   |  1- 3 |  4- 6 |  7- 9 | 10-12 || total
-------------------------+-------+-------+-------+-------++-------
Melee: Unarmed           |     4 |       |       |       ||     4
       Whip              |   103 |   209 |   366 |   378 ||  1056
 Cast: Pain              |    40 |    16 |    21 |    12 ||    89
       Vampiric Draining |       |     7 |    23 |    35 ||    65
       Animate Skeleton  |       |     3 |     6 |     2 ||    11
       Animate Dead      |       |       |    11 |     9 ||    20
Invok: Curse Item        |       |       |     2 |       ||     2
Evoke: Wand              |       |       |     5 |     4 ||     9
  Use: Scroll            |     1 |     6 |     4 |     1 ||    12
 Stab: Sleeping          |     2 |     7 |     2 |     1 ||    12
       Distracted        |       |       |       |     1 ||     1
Armor: Robe              |    40 |    66 |    81 |    61 ||   248
Dodge: Dodged            |    88 |   143 |   225 |   256 ||   712

Table legend:
 A = Spawn XP
 B = Non-spawn XP
 C = Spawn XP percentage of total XP
 D = Spawn monster count
 E = Non-spawn monster count
 F = Spawn count percentage of total count
 G = Total turns spent on level
                    A         B        C        D         E        F      G
               +---------+---------+-------+---------+---------+-------+---------
         Total |       0 |   15204 |   0.0 |       0 |     285 |   0.0 | 14053
               +---------+---------+-------+---------+---------+-------+---------
           D:1 |       0 |      71 |   0.0 |       0 |      30 |   0.0 |  1437
           D:2 |       0 |     121 |   0.0 |       0 |      37 |   0.0 |  1692
           D:3 |       0 |     229 |   0.0 |       0 |      31 |   0.0 |  2213
           D:4 |       0 |    1159 |   0.0 |       0 |      11 |   0.0 |  1260
           D:5 |       0 |    1045 |   0.0 |       0 |      27 |   0.0 |  1478
           D:6 |       0 |     861 |   0.0 |       0 |      12 |   0.0 |   544
           D:7 |       0 |     790 |   0.0 |       0 |      22 |   0.0 |   761
           D:8 |       0 |    1466 |   0.0 |       0 |      27 |   0.0 |  1491
           D:9 |       0 |    3505 |   0.0 |       0 |      50 |   0.0 |  1503
          D:10 |       0 |    2604 |   0.0 |       0 |      18 |   0.0 |   631
        Lair:1 |       0 |    3353 |   0.0 |       0 |      20 |   0.0 |   882
               +---------+---------+-------+---------+---------+-------+---------

Vault maps used:
D:1:      mrwooster_arrival_arrow
D:2:      nicolae_overflow_crystal_walls, first_ration, grunt_ministairs_9,
          kennysheep_minor_cross, st_stairs_5, uniq_robin,
          uniq_crazy_yiuf_cottage
D:3:      lemuel_coloured_pillars_altar, uniq_terence, uniq_ijyb
D:4:      nemelex_xobeh_ov_fountains_minmay, zin_purify,
          nicolae_qazlal_general_emergency, uniq_menkaure
D:5:      vehumet_statue, minmay_temple_entry_junction_2,
          hangedman_feature_mirror, uniq_pikel, uniq_duvessa
D:6:      minmay_cornered_nines, fedhas_altar_decomposition, old_standard_altar,
          uniq_grinder
D:7:      lemuel_crystal_altar, lemuel_crystal_altar, minmay_misc_feat_five
D:8:      serial_aquarium, aquarium_bridge_long_separate, aquarium_window_1,
          aquarium_window_1, aquarium_window_1, aquarium_window_1,
          aquarium_view_2d, aquarium_view_2c, aquarium_balcony_3a, centaur_isle
D:9:      nicolae_ru_the_path_less_chosen, david_orc_5
D:10:     david_lair_generic, grunt_tengu_nest
Temple:   jpeg_temple_clearing
Lair:1:   minmay_lair_oklob_bushes, beast_lair_carwin_1

Table legend:
 A = Turns spent in this place as a percentage of turns spent in the entire game.
 B = Non-inter-level travel turns spent in this place as a percentage of non-inter-level travel turns spent in the entire game.
 C = Inter-level travel turns spent in this place as a percentage of turns spent in this place.
 D = Turns resting spent in this place as a percentage of non-inter-level travel turns spent in this place.
 E = Turns spent auto-exploring this place as a percentage of non-inter-level travel turns spent in this place.
 F = Non-inter-level travel turns spent in this place divided by the number of levels of this place that you've seen.
                   A       B       C       D       E      F
               +-------+-------+-------+-------+-------+----------------------
         Total | 100.0 | 100.0 |   4.5 |  37.0 |  36.9 | 1118.7
       Dungeon |  92.6 |  92.3 |   4.7 |  36.4 |  38.0 | 1239.5
        Temple |   1.1 |   1.1 |   8.7 |   0.0 |  51.0 | 147.0
          Lair |   6.3 |   6.6 |   0.0 |  51.2 |  19.6 | 882.0
               +-------+-------+-------+-------+-------+----------------------

Table legend:
 A = Kills in this place as a percentage of kills in entire the game.
 B = Kills by you in this place as a percentage of kills by you in the entire game.
 C = Kills by friends in this place as a percentage of kills by friends in the entire game.
 D = Other kills in this place as a percentage of other kills in the entire game.
 E = Experience gained in this place as a percentage of experience gained in the entire game.
 F = Experience gained in this place divided by the number of levels of this place that you have seen.
                   A       B       C       D       E      F
               +-------+-------+-------+-------+-------+----------------------
         Total | 100.0 | 100.0 | 100.0 |   N/A | 100.0 | 1267.0
       Dungeon |  93.0 |  93.8 |  75.0 |   N/A |  77.9 | 1185.1
          Lair |   7.0 |   6.2 |  25.0 |   N/A |  22.1 | 3353.0
               +-------+-------+-------+-------+-------+----------------------
